AoeStats
← sartorius5559

Arena

509251500Analyzed
2v2 RM · 4d ago on Sep 26, 2026· 80m 56s· 4 players
Game mode
Random Map
Map size
Medium (4 player)
Population
200
Speed
Normal
Resources
Standard
Victory
Conquest
Starting age
Dark Age
Ending age
Imperial Age
RankedLock teamsTeams togetherTeam positionsShared explorationLock speedFull tech treeHidden civsTurbo modeCheats
Victory
Defeat
🇦🇷 Burgundians · Argentina
1249
+15
🇳🇿 Persians · New Zealand
1182
+17
🇺🇸 Huns · United States
1221
-16
🇺🇸 Mapuche · United States
1220
-16
pato_16_2
10:05 Feudal Age
9:35 Double-Bit Axe
12:39 Bow Saw
13:49 Horse Collar
16:53 Castle Age
14:51 Horse Collar
16:57 Wheelbarrow
16:07 Loom
17:43 Heavy Plow
17:53 Scale Barding Armor
17:53 Gold Mining
22:33 Wheelbarrow
21:43 Town Watch
22:49 Fervor
25:09 Chain Barding Armor
25:00 Forging
26:15 Fletching
27:06 Bodkin Arrow
36:34 Imperial Age
36:35 Sanctity
37:06 Padded Archer Armor
37:31 Hand Cart
38:20 Chemistry
38:52 Gold Shaft Mining
38:07 Stone Mining
38:37 Block Printing
39:14 Illumination
39:47 Leather Archer Armor
43:56 Plate Barding Armor
43:31 Forging
44:12 Light Cavalry
44:53 Husbandry
45:06 Hussar
46:53 Pikeman
49:45 Squires
49:17 Halberdier
49:59 Squires
49:45 Arson
50:56 Scale Mail Armor
64:44 Burgundian Vineyards
68:37 Crop Rotation
73:01 Conscription
78:08 Chain Mail Armor
Dogda
10:40 Feudal Age
16:10 Castle Age
14:33 Double-Bit Axe
14:58 Horse Collar
16:52 Wheelbarrow
17:07 Heavy Plow
20:03 Bow Saw
22:24 Town Watch
23:15 Gold Mining
23:50 Stone Mining
24:57 Hand Cart
24:51 Scale Barding Armor
24:59 Forging
24:53 Loom
25:12 Fletching
25:37 Bloodlines
25:27 Husbandry
26:18 Chain Barding Armor
25:59 Padded Archer Armor
26:58 Gold Shaft Mining
26:23 Bodkin Arrow
27:42 Parthian Tactics
27:59 Thumb Ring
28:43 Ballistics
32:06 Imperial Age
30:10 Leather Archer Armor
31:13 Hand Cart
32:19 Forging
32:16 Light Cavalry
34:02 Ring Archer Armor
34:26 Plate Barding Armor
34:41 Conscription
34:07 Cavalier
35:01 Hussar
36:51 Iron Casting
37:15 Hoardings
38:34 Blast Furnace
38:51 Heavy Cavalry Archer
41:59 Two-Man Saw
41:30 Crop Rotation
41:36 Heavy Camel Rider
45:17 Chemistry
44:28 Masonry
43:42 Elite Skirmisher
44:32 Cavalier
47:44 Kamandaran
61:12 Pikeman
61:53 Squires
61:38 Gambesons
61:56 Scale Mail Armor
72:47 Caravan
72:27 Crossbowman
sartorius5559
10:57 Feudal Age
14:46 Castle Age
12:58 Double-Bit Axe
13:39 Horse Collar
16:34 Pikeman
21:28 Scale Mail Armor
23:43 Forging
24:11 Squires
27:13 Chain Mail Armor
27:34 Iron Casting
31:27 Wheelbarrow
32:32 Loom
33:10 Hand Cart
33:11 Scale Barding Armor
33:41 Bow Saw
33:33 Heavy Plow
37:28 Imperial Age
35:12 Bloodlines
35:02 Husbandry
36:13 Gold Mining
37:17 Chain Barding Armor
39:32 Plate Barding Armor
38:40 Cavalier
39:21 Capped Ram
39:29 Halberdier
40:31 Paladin
44:22 Blast Furnace
48:40 Light Cavalry
51:21 Hussar
53:18 Fletching
53:28 Padded Archer Armor
CarverMX32
11:02 Feudal Age
15:14 Castle Age
13:05 Double-Bit Axe
13:35 Horse Collar
14:05 Gold Mining
18:16 Town Watch
19:57 Padded Archer Armor
20:35 Fletching
21:12 Loom
23:04 Wheelbarrow
23:52 Bodkin Arrow
26:01 Leather Archer Armor
28:48 Elite Skirmisher
30:20 Bow Saw
30:11 Heavy Plow
32:14 Hand Cart
35:25 Imperial Age
33:29 Ballistics
36:45 Ring Archer Armor
36:32 Scale Mail Armor
36:43 Forging
35:55 Pikeman
37:04 Conscription
36:52 Malon
36:29 Elite Bolas Rider
39:04 Chemistry
41:15 Chain Mail Armor
41:35 Iron Casting
41:31 Halberdier
43:23 Plate Mail Armor
43:47 Siege Engineers
47:55 Blast Furnace
51:18 Butalmapu
51:02 Elite Kona
56:08 Arson
58:23 Masonry
60:59 Hoardings
Connection lost

Rejoining the realm…

Still unreachable

The connection could not be restored.

Session expired

The server has moved on; the page needs a fresh start.